Cogmind - Beta 14 @@@ ROGUE MODE // 2024.08.20 @ 20:30:02 Player: lexi^-^ Result: Self-destructed Performance ------------- Evolutions (2) 1000 Regions Visited (6) 1200 Robots Destroyed (58) 290 Value Destroyed (1738) 1738 Prototype IDs (1) 20 Alien Tech Used (0) 0 Bonus (88) 88 TOTAL SCORE: 4336 Bonus ------- High Alert Combat Kills 88 Cogmind --------- Core Integrity 376/550 Matter 22/300 Energy 100/100 System Corruption 2% Temperature Cool (0) Movement Treading (240) Ox1 Location -8/Storage Parts ------- > --- POWER (2) -------- (None) > --- PROPULSION (2) --- Light Treads > --- UTILITY (4) ------ Drone Bay (0/2) Drone Bay (0/2) Drone Bay (0/2) Drone Bay (0/2) > --- WEAPON (3) ------- (None) > --- INVENTORY (5) ---- Light Treads Light Treads Light Treads Tractor Beam Peak State ------------ > --- POWER ------------ Ion Engine Light Deuterium Engine > --- PROPULSION ------- Light Treads Light Treads > --- UTILITY ---------- Small Storage Unit Large Matter Pod Sensor Array Hardlight Generator > --- WEAPON ----------- Heavy Particle Gun Heavy Particle Gun Mini Grenade Launcher > --- INVENTORY -------- Light Treads Light Treads Light Treads Tractor Beam Mini Grenade Launcher [Rating: 22] Favorites ----------- Power Ion Engine Engine Ion Engine Propulsion Light Treads Treads Light Treads Utility Sensor Array Device Sensor Array Storage Small Storage Unit Protection Light Armor Plating Weapon Heavy Particle Gun Energy Gun Heavy Particle Gun Energy Cannon Particle Cannon Ballistic Gun Assault Rifle Ballistic Cannon Improved Light Cannon Launcher Mini Grenade Launcher Build | -11 -10 -10 -9 -9 -8 -8 ------- Run | Yrd Mat Min Mat Min Mat Sto Slots Evolved 4 | . . . 2 . 2 . Power 1 | . . . . . 1 . Propulsion . | . . . . . . . Utility 2 | . . . 1 . 1 . Weapon 1 | . . . 1 . . . Parts Attached 46 | 6 4 5 14 1 9 7 Power 6 | 1 1 . 2 . 2 . Engine 6 | 1 1 . 2 . 2 . Core . | . . . . . . . Reactor . | . . . . . . . Propulsion 7 | 2 . . 3 . . 2 Treads 7 | 2 . . 3 . . 2 Leg . | . . . . . . . Wheel . | . . . . . . . Hover . | . . . . . . . Flight . | . . . . . . . Utility 16 | 1 2 1 3 1 3 5 Device 11 | . 2 . 2 1 2 4 Storage 4 | 1 . 1 1 . 1 . Processor . | . . . . . . . Hackware . | . . . . . . . Protection 1 | . . . . . . 1 Artifact . | . . . . . . . Weapon 17 | 2 1 4 6 . 4 . Energy Gun 5 | . . 1 2 . 2 . Energy Cannon 1 | . . . 1 . . . Ballistic Gun 5 | 2 . 2 . . 1 . Ballistic Cannon 1 | . . . 1 . . . Launcher 5 | . 1 1 2 . 1 . Special Weapon . | . . . . . . . Impact Weapon . | . . . . . . . Slashing Weapon . | . . . . . . . Piercing Weapon . | . . . . . . . Special Melee Weapon . | . . . . . . . Unidentified Prototypes 1 | . . . 1 . . . Parts Lost 20 | . 1 2 3 2 2 10 Power 5 | . 1 . 1 1 . 2 Propulsion 4 | . . . 1 . . 3 Utility 2 | . . . . . . 2 Weapon 9 | . . 2 1 1 2 3 Highest Loss Streak 6 | . 1 2 2 2 2 6 To Critical Strikes . | . . . . . . . Average Slot Usage (%) 91 | . 94 99 89 99 99 63 Engine 11 | . 13 14 9 11 17 3 Treads 22 | . 28 28 21 22 18 16 Device 14 | . 9 14 15 11 18 19 Storage 14 | . 14 14 12 22 18 10 Energy Gun 7 | . . 2 6 11 17 2 Energy Cannon 1 | . . . 4 . . . Ballistic Gun 8 | . 23 24 1 . . 5 Ballistic Cannon 3 | . . . 9 10 . . Launcher 6 | . 4 . 7 11 9 5 Peak Build Rating 22 | 6 7 7 18 15 22 22 Average Rating 13 | 4 6 6 12 14 21 16 On Entrance 9 | . 6 7 7 15 12 22 Naked Turns . | . . . . . . . Heaviest Build 37 | 13 16 16 24 22 37 37 Greatest Support 40 | 40 40 40 40 40 40 40 Greatest Overweight (x) 6 | . . . 5 . . 6 Average Overweight (x) . | . . . . . . . Largest Inventory Capacity 10 | 8 8 8 8 8 10 10 Average Capacity 8 | 7 8 7 8 8 9 7 Most Carried 8 | 2 3 3 8 8 7 5 Average Carried 3 | . 2 1 3 8 5 4 Final Capacity 10 | 8 8 8 8 8 10 5 Final Carried 8 | 2 2 1 8 8 5 4 Class Distribution -------------------- 45% | Mutant 26% | Skirmisher 23% | Tank 4% | Gunner Dominant Class ---------------- Mutant | -10/Materials Mutant | -10/Mines Skirmisher | -9/Materials Skirmisher | -9/Mines Tank | -8/Materials Mutant | -8/Storage Resources | -11 -10 -10 -9 -9 -8 -8 ----------- Run | Yrd Mat Min Mat Min Mat Sto Matter Collected 1311 | 126 123 176 439 22 325 100 Remotely 48 | . . . 48 . . . Salvage Created 1475 | . 134 176 510 22 453 180 Parts 84 | . 15 6 29 1 21 12 Haulers Intercepted 2 | . . . 1 . 1 . Recyclers Shooed 3 | . 1 . . . 2 . Parts Field Recycled . | . . . . . . . Retrieved Matter . | . . . . . . . Parts Self-Destructed . | . . . . . . . Prevented . | . . . . . . . Kills | -11 -10 -10 -9 -9 -8 -8 ------- Run | Yrd Mat Min Mat Min Mat Sto Combat Hostiles Destroyed 42 | . 4 2 19 2 10 5 Guns 7 | . 2 1 . 1 . 3 Cannons 11 | . . . 11 . . . AOE 24 | . 2 1 8 1 10 2 Classes Destroyed 12 | . 4 2 4 1 1 . Builder 5 | . 1 . 1 . 2 1 Tunneler 1 | . . 1 . . . . Hauler 2 | . . . 1 . 1 . Recycler 4 | . . 1 . . 3 . Operator 3 | . 1 . 2 . . . Watcher 1 | . 1 . . . . . Swarmer 7 | . . . 3 . 4 . Grunt 25 | . 4 2 12 1 4 2 Brawler 2 | . . . 2 . . . Duelist 1 | . . . . 1 . . Sentry 6 | . . . 2 . 1 3 Hunter 1 | . . . . . 1 . Best Kill Streak 10 | . 3 1 10 2 7 3 Combat Bots Only 9 | . 2 1 9 2 4 2 Max Kills in Single Turn 3 | . 3 1 2 1 2 2 Gunslinging . | . . . . . . . Exploded 2 | . 2 1 2 1 2 1 Melee . | . . . . . . . Uniques/NPCs Destroyed . | . . . . . . . Combat | -11 -10 -10 -9 -9 -8 -8 -------- Run | Yrd Mat Min Mat Min Mat Sto Hostile Shots Fired 247 | . 35 15 56 17 60 64 Missed 68 | . 10 4 14 7 16 17 Damage Taken 2825 | . 324 157 527 327 520 970 Core 358 | . 64 10 70 40 21 153 Absorbed by Shields 176 | . . . . . 176 . Core Remaining (%) 80 | 100 . 70 . 72 . . Volleys Fired 126 | . 23 16 36 6 31 14 Largest 3 | . 2 2 3 3 3 3 Hottest 140 | . 50 60 137 124 140 113 Shots Fired 273 | . 45 26 89 18 67 28 Gun 143 | . 39 25 6 6 51 16 Cannon 66 | . . . 60 6 . . Launcher 64 | . 6 1 23 6 16 12 Special . | . . . . . . . Kinetic 110 | . 39 19 32 6 3 11 Thermal 99 | . . 6 34 6 48 5 Explosive 64 | . 6 1 23 6 16 12 Electromagnetic . | . . . . . . . Robot Hit Streak 10 | . 5 5 7 5 9 10 Robot Miss Streak 3 | . 3 2 2 1 3 2 Penetration Max 1 | . . . . . . 1 Secondary Targets . | . . . . . . . Shots Hit Robots 120 | . 20 14 29 6 31 20 Core Hits 106 | . 17 8 36 4 30 11 Critical Kills . | . . . . . . . Critical Parts Destroyed 1 | . 1 . . . . . Critical Strikes 2 | . 1 . . . 1 . Burn 1 | . . . . . 1 . Destroy 1 | . 1 . . . . . Melee Attacks . | . . . . . . . Impact . | . . . . . . . Slashing . | . . . . . . . Piercing . | . . . . . . . Sneak Attacks . | . . . . . . . Combat Hostiles . | . . . . . . . Follow-up Attacks . | . . . . . . . Damage Inflicted 4618 | . 503 216 1638 328 1430 503 Guns 1264 | . 216 149 63 61 497 278 Cannons 677 | . . . 653 24 . . Explosions 2673 | . 287 67 918 243 933 225 Melee . | . . . . . . . Ramming 4 | . . . 4 . . . Kinetic 860 | . 216 84 336 24 . 200 Thermal 1081 | . . 65 380 61 497 78 Explosive 2673 | . 287 67 918 243 933 225 Electromagnetic . | . . . . . . . Impact . | . . . . . . . Slashing . | . . . . . . . Piercing . | . . . . . . . Highest Corruption 2 | . . . . . 2 2 Average Corruption 2 | . . . . . 2 2 Corruption Purged . | . . . . . . . Corruption Blocked . | . . . . . . . Effects 7 | . . . . . 3 4 Message Errors 1 | . . . . . 1 . Matter Fused 1 | . . . . . . 1 Energy Discharges 1 | . . . . . . 1 Parts Rejected 1 | . . . . . 1 . Data Loss (minor) 2 | . . . . . 1 1 Alerts 1 | . . . . . . 1 Overload Shots . | . . . . . . . Overflow Damage 69 | . . . 8 5 34 22 Projectiles . | . . . . . . . Explosions 69 | . . . 8 5 34 22 Melee . | . . . . . . . Knockbacks 1 | . . . 1 . . . Impact . | . . . . . . . Kinetic 1 | . . . 1 . . . Secondary . | . . . . . . . Self-Inflicted Damage 602 | . 20 . 53 150 94 285 Shots 17 | . 1 . 3 4 2 7 Rammed 2 | . . . 2 . . . Targets Rammed 3 | . . . 2 . 1 . Kicked . | . . . . . . . Crushed 1 | . . . . . 1 . Highest Temperature 433 | . 28 40 343 199 433 105 Average Temperature 113 | . 14 16 116 83 152 56 Received Heat Transfer 807 | . 171 114 180 66 195 81 Effects 9 | . . . 3 . 6 . Shutdowns 4 | . . . 1 . 3 . Energy Bleed 1 | . . . 1 . . . Interference 1 | . . . . . 1 . Matter Decay 2 | . . . . . 2 . Short Circuit 1 | . . . 1 . . . Siege Activations . | . . . . . . . Robots Corrupted . | . . . . . . . Combat Hostiles . | . . . . . . . Parts Fried . | . . . . . . . Impact Corruptions . | . . . . . . . Robots Melted . | . . . . . . . Combat Hostiles . | . . . . . . . Parts Melted 2 | . . . 1 . 1 . Heat Transferred 2136 | . . 150 691 111 1036 148 Parts Sabotaged . | . . . . . . . Parts Stolen . | . . . . . . . Parts Stripped . | . . . . . . . Power Chain Reactions . | . . . . . . . Alert | -11 -10 -10 -9 -9 -8 -8 ------- Run | Yrd Mat Min Mat Min Mat Sto Peak Influence 692 | . 77 89 692 244 411 309 Initial 173 | . . 28 34 135 89 173 Average 210 | . 49 40 430 193 131 233 Maximum Alert Level 2 | . . . 2 1 2 1 Low Security (%) 57 | 100 100 100 12 43 83 18 Level 1 19 | . . . 17 56 12 81 Level 2 22 | . . . 69 . 3 . Level 3 . | . . . . . . . Level 4 . | . . . . . . . Level 5 . | . . . . . . . High Security . | . . . . . . . Max Security . | . . . . . . . Squads Dispatched 8 | . 1 . 2 . 1 4 Investigation 1 | . . . . . . 1 Extermination . | . . . . . . . Reinforcement 4 | . 1 . 2 . 1 . Assault . | . . . . . . . Garrison 3 | . . . . . . 3 Intercept . | . . . . . . . Searches Triggered . | . . . . . . . Construction Impeded 2 | . . . 1 . 1 . Haulers Reinforced . | . . . . . . . Active Scanning Responses . | . . . . . . . Cargo Convoy Interrupts . | . . . . . . . Stealth | -11 -10 -10 -9 -9 -8 -8 --------- Run | Yrd Mat Min Mat Min Mat Sto Distress Signals 1 | . . . . . 1 . Communications Jammed . | . . . . . . . Distress Signals . | . . . . . . . Times Spotted 52 | . 6 2 19 5 14 6 Peak Tracking Total 5 | . 2 2 3 3 5 2 Tactical Retreats 1 | . . . . . 1 . Traps | -11 -10 -10 -9 -9 -8 -8 ------- Run | Yrd Mat Min Mat Min Mat Sto Traps Triggered 1 | . . . . . 1 . Indirectly . | . . . . . . . Trap Hack Attempts . | . . . . . . . Triggered . | . . . . . . . Disarmed . | . . . . . . . Reprogrammed . | . . . . . . . Reused . | . . . . . . . Traps Extracted . | . . . . . . . Installed . | . . . . . . . Triggered . | . . . . . . . Machines | -11 -10 -10 -9 -9 -8 -8 ---------- Run | Yrd Mat Min Mat Min Mat Sto Machines Disabled 12 | . . . 5 1 5 1 Max in Single Turn 2 | . . . 2 1 2 1 Machines Repaired . | . . . . . . . Machines Dismantled . | . . . . . . . Machines Sabotaged . | . . . . . . . Overloaded Fab Kills . | . . . . . . . Hacking | -11 -10 -10 -9 -9 -8 -8 --------- Run | Yrd Mat Min Mat Min Mat Sto Machines Accessed 5 | . 1 . 2 1 . 1 Terminals 2 | . . . 1 1 . . Fabricators . | . . . . . . . Repair Stations . | . . . . . . . Recycling Units 2 | . 1 . 1 . . . Scanalyzers . | . . . . . . . Garrison Access 1 | . . . . . . 1 Total Hacks 10 | . 1 . 4 3 . 2 Successful 6 | . 1 . 3 2 . . Failed 4 | . . . 1 1 . 2 Catastrophic . | . . . . . . . Database Lockouts . | . . . . . . . Manual . | . . . . . . . Terminals 6 | . . . 3 3 . . Fabricators . | . . . . . . . Repair Stations . | . . . . . . . Recycling Units 2 | . 1 . 1 . . . Scanalyzers . | . . . . . . . Garrison Access 2 | . . . . . . 2 Terminal Hacks 4 | . . . 2 2 . . Level Access Points 1 | . . . . 1 . . Alert Level 1 | . . . 1 . . . Zone Layout 2 | . . . 1 1 . . Fabricator Hacks . | . . . . . . . Repair Station Hacks . | . . . . . . . Recycling Unit Hacks 2 | . 1 . 1 . . . Retrieve Components 2 | . 1 . 1 . . . Scanalyzer . | . . . . . . . Garrison Access Hacks . | . . . . . . . Unauthorized Hacks . | . . . . . . . Terminals . | . . . . . . . Fabricators . | . . . . . . . Repair Stations . | . . . . . . . Recycling Units . | . . . . . . . Scanalyzers . | . . . . . . . Garrison Access . | . . . . . . . Data Cores Recovered 1 | . . . 1 . . . Used . | . . . . . . . Hacking Detections 4 | . . . 2 1 . 1 Full Trace Events 1 | . . . . . . 1 Feedback Events . | . . . . . . . Feedback Blocked . | . . . . . . . Robot Schematics Acquired . | . . . . . . . Robots Built . | . . . . . . . Authchips . | . . . . . . . Time . | . . . . . . . Total Robot Build Rating . | . . . . . . . Part Schematics Acquired . | . . . . . . . Parts Built . | . . . . . . . Authchips . | . . . . . . . Time . | . . . . . . . Total Part Build Rating . | . . . . . . . Parts Repaired . | . . . . . . . Time . | . . . . . . . Parts Recycled . | . . . . . . . Recycled Matter . | . . . . . . . Retrieved Matter . | . . . . . . . Retrieved Components 14 | . 5 . 9 . . . Parts Scanalyzed . | . . . . . . . Part Schematics Acquired . | . . . . . . . Parts Damaged . | . . . . . . . Bothacking | -11 -10 -10 -9 -9 -8 -8 ------------ Run | Yrd Mat Min Mat Min Mat Sto Used RIF Installer . | . . . . . . . Robots Hacked . | . . . . . . . Non-combat . | . . . . . . . Combat . | . . . . . . . Robot Hacks Applied . | . . . . . . . Relay Couplers Released . | . . . . . . . Fabnet Peak Effective % . | . . . . . . . Robots Rewired . | . . . . . . . Allies Hacked . | . . . . . . . Hacks Repelled . | . . . . . . . Allies | -11 -10 -10 -9 -9 -8 -8 -------- Run | Yrd Mat Min Mat Min Mat Sto Total Allies . | . . . . . . . Largest Group . | . . . . . . . Highest-Rated Group . | . . . . . . . Highest-Rated Ally . | . . . . . . . Total Orders 3 | . . . . . . 3 EXPLORE 3 | . . . . . . 3 Ally Attacks . | . . . . . . . Total Damage . | . . . . . . . Kills . | . . . . . . . Allies Corrupted . | . . . . . . . Allies Melted . | . . . . . . . Intel | -11 -10 -10 -9 -9 -8 -8 ------- Run | Yrd Mat Min Mat Min Mat Sto Robot Analysis Total . | . . . . . . . Derelict Logs Recovered . | . . . . . . . Drone Launches 12 | . . . . . . 12 Drone Recoveries 4 | . . . . . . 4 Exploration | -11 -10 -10 -9 -9 -8 -8 ------------- Run | Yrd Mat Min Mat Min Mat Sto Turns Passed 2690 | 53 448 365 840 169 543 272 Spaces Moved 1173 | 32 229 136 429 93 170 84 Core 9 | 7 . . 1 . . 1 Treads 1164 | 25 229 136 428 93 170 83 Legs . | . . . . . . . Wheels . | . . . . . . . Hover . | . . . . . . . Flight . | . . . . . . . Fastest Speed 50 | 50 160 160 160 160 160 160 Average Speed 159 | 135 160 160 160 160 160 162 Slowest Speed 350 | 160 160 160 300 160 160 350 Overloaded Moves . | . . . . . . . Propulsion Burnouts . | . . . . . . . Robots Hopped . | . . . . . . . Cave-ins Triggered . | . . . . . . . Exploration Rate (%) 23 | 4 46 23 24 15 16 39 Regions Visited 6 Branch Regions 3 Pre-discovered Areas 1 | . . 1 . . . . Known Exits Taken 1 | . . . . 1 . . Unknown Exits Taken 5 | 1 1 1 1 . 1 . Scrap Searched . | . . . . . . . Spaces Dug 27 | . . . 5 22 . . Terrain Destroyed 372 | . 29 6 146 66 81 44 Melee . | . . . . . . . Projectile 6 | . . . 5 1 . . AOE 366 | . 29 6 141 65 81 44 Terrain Rammed . | . . . . . . . Walls Destroyed . | . . . . . . . Machines Disabled . | . . . . . . . Actions | -11 -10 -10 -9 -9 -8 -8 --------- Run | Yrd Mat Min Mat Min Mat Sto Total 1746 | 39 268 259 507 99 381 193 Wait 366 | . 10 99 3 . 169 85 Move 1167 | 31 228 135 428 92 169 84 Hop . | . . . . . . . Pick Up 21 | 2 1 2 15 . 1 . Fast Attach 26 | 6 3 1 6 . 4 6 Attach 13 | . 1 2 5 . 4 1 Detach . | . . . . . . . Swap 7 | . . 2 3 1 1 . Drop 17 | . 2 2 9 . 1 3 Fire 126 | . 23 16 36 6 31 14 Melee . | . . . . . . . Ram . | . . . . . . . Kick . | . . . . . . . Crush 3 | . . . 2 . 1 . Escape Stasis . | . . . . . . . Rewire . | . . . . . . . Trap . | . . . . . . . Miscellaneous . | . . . . . . . Route ------- -11/Scrapyard -10/Materials (discovered 2 exits: *Mat / [*Min]) -10/Mines -9/Materials -9/Mines (discovered 2 exits: *Mat x2) -8/Materials -8/Storage History --------- Turn | Location | Event 5 | -11/Scrapyard | Discovered new exit (range 16) 54 | -11/Scrapyard | Entered Materials 192 | -10/Materials | Discovered new exit (range 12) 318 | -10/Materials | Build established: Mutant 477 | -10/Materials | Discovered new exit (range 15) 502 | -10/Materials | Entered Mines 675 | -10/Mines | Learned location of Storage (-8) 816 | -10/Mines | Discovered new exit (range 8) 867 | -10/Mines | Entered Materials 867 | -9/Materials | Evolved 2 slots: Utility x1, Weapon x1 1146 | -9/Materials | Destroyed 9 combat bots 1636 | -9/Materials | Discovered new exit (range 12) 1707 | -9/Materials | Entered Mines 1716 | -9/Mines | Assembled infested the area 1796 | -9/Mines | Identified exit to Materials 1876 | -9/Mines | Entered Materials 1876 | -8/Materials | Evolved 2 slots: Power x1, Utility x1 2300 | -8/Materials | Discovered new exit (range 8) 2325 | -8/Materials | Build established: Tank 2419 | -8/Materials | Entered Storage 2523 | -8/Storage | Lost 6 parts (2p2n1u1w) 2620 | -8/Storage | Lost 3 parts (1u2w) 2668 | -8/Storage | Lost 4 allies 2691 | -8/Storage | Self-destructed Last Messages --------------- 02631_ Drone destroyed. 02633_ R-06 Scavenger collects Lgt. Nuclear Core. 02634_ K-01 Serf collects debris. 02637_ Drone destroyed. 02641_ Slug penetrates Wall. 02646_ Drone released from Drone Bay. 02647_ Slug penetrates Wall. 02651_ K-01 Serf collects debris. 02653_ Drone retrieved by Drone Bay. 02663_ Slug penetrates Wall. 02664_ Drone released from Drone Bay. 02667_ K-01 Serf collects debris. 02668_ Lgt. Treads destroyed. 02671_ K-01 Serf collects debris. 02674_ Penetrated by Slug. 02679_ Slug penetrates Wall. 02686_ K-01 Serf collects debris. 02690_ Penetrated by Slug. 02690_ K-01 Serf destroyed. Map ----- +----------------------------------------------------+ | | | | | | | | | | | | | | | | | | | | | | | | | | | ##############???????????????????????????????????? | | #???????????????????????????????????? | | #???????????????????????????????????? | | """ """ """ #???????????????????????????????????? | | """ """ """ #???????????????????????????????????? | | """ """ """ #???????????????????????????????????? | | #???????????????????????????????????? | | ######+###############???????????????????????????? | | # #???????????????????????????? | | # ######??????????????????????? | | # ## !#??????????????????????? | | ######### ######## ## !#??????????????????????? | | ???# ## # @#??????????????????????? | | ???# ## """ #h!!#??????????????????????? | | ????#"""[ """ !#"##??????????????????????? | | ????#"G = """ T#??????????????????????? | | ????#"""* ! k ##??????????????????????? | | ????### | ###???????????????????????? | | ???# # %%###############????????????? | | ???##### + #????????????? | | ?????############ k # """""" #????????????? | | ????????######### # "????" #????????????? | | ?????????# %% ! # # "????" #????????????? | | ??######## r n + %" """""" #????????????? | | ??# !# % = # ^# #????????????? | | ??# * [# # # #????????????? | | ??#% # ! # # #????????????? | | ??# #####+######## ^ ###########????????????? | | ??# ! #??## ######## ^#??????????????????????? | | ??# ! #??# #??????????????????????? | | ?###+##+##### #??????????????????????? | | ?#T# #??????????????????????? | | ?" + ######k######## #??????????????????????? | | ?### ## n #### #??????????????????????? | | ???# ## """ """ ""## #??????????????????????? | | ??##/##+## """ """ T"## #??????????????????????? | | ??# #n"""h""" ""## #??????????????????????? | +----------------------------------------------------+ Best States ------------- Heat Dissipation 31 Energy Generation 19 Energy Capacity 290 Matter Stores 326 Matter Capacity 450 Sight Range 16 Robot Scan Range 14 Terrain Scan Density 10 Armor Coverage 150 Evasion (%) 40 Recoil Reduction 2 Item Schematics ----------------- None Robot Schematics ------------------ None Fabricated ------------ Nothing Alien Tech Used ----------------- None Achievements -------------- None Challenges ------------ None Game ------ Seed PitchforkDynamicSink Manual? 0 Play Time 00:30:40 Cumulative 65.0 hours Start 2024.08.20 @ 20:01:16 End 2024.08.20 @ 20:30:02 Sessions 1 Manual Loads 0 Difficulty Rogue Special Mode None Game No. 40 Rogue 30 Adventurer 10 Explorer 0 Win Type - Total 0 Types 0/0/0/0/0/0/0/0/0 Lore% 14 Gallery% 36 Achievement% 27 Wizard Run 0 Options --------- Layout 1 ASCII 0 Keyboard 0 Movement Mouse Keybinds 0 Fullscreen 2 Font 24/Smallcaps Map View 50x35 Zoom Use 0% Tactical HUD 1 Map Filters NONE Filters NONE Steam 1 RUN: 1c2ff8b9-210d-4198-8ee1-92616d7f8656